 Dungeon Crawl Stone Soup version 0.18.1-48-g4cf74bf (webtiles) character file.

65439 Heedrag the Devastator (level 14, -6/87 HPs)
             Began as a Deep Elf Conjurer on Aug 13, 2016.
             Was a High Priest of Vehumet.
             Mangled by ReniFell's ghost (38 damage)
             ... on level 14 of the Dungeon.
             The game lasted 01:37:43 (25748 turns).

Heedrag the Devastator (Deep Elf Conjurer)         Turns: 25748, Time: 01:37:44

Health: -6/87      AC:  9    Str:  9 (10) XL:     14   Next: 75%
Magic:  6/33       EV: 22    Int: 34      God:    Vehumet [*****.]
Gold:   1237       SH: 10    Dex: 22      Spells: 9 memorised, 4 levels left

rFire  . . .     SeeInvis +     y - staff of wizardry
rCold  . . .     Gourm    +     B - +2 robe {Archmagi}
rNeg   . . .     Faith    .     F - +0 shield
rPois  +         Spirit   .     Y - +1 hat
rElec  .         Dismiss  .     I - +0 cloak
rCorr  .         Reflect  .     g - +0 pair of gloves
SustAt .         Harm     .     T - +1 pair of boots of the Valley {Int+5 Dex+5 SInv}
MR     ++...     Rnd*Rage +     q - amulet of the gourmand
Stlth  +++.......               O - +4 ring of intelligence
                                P - ring of poison resistance

@: about to teleport, delayed fireball, studying Fighting, very resistant to
hostile enchantments, fairly stealthy
A: claws 1, agile 1, berserk 1, clever 1, deterioration 1, magic resistance 1,
regeneration 1, strong 1, wild magic 1
a: Renounce Religion, Release Delayed Fireball


You were on level 14 of the Dungeon.
You worshipped Vehumet.
Vehumet was extremely pleased with you.
You were very full.

You visited 3 branches of the dungeon, and saw 23 of its levels.
You also visited: Labyrinth, Sewer and Ice Cave.

You collected 1237 gold pieces.

Inventory:

Hand Weapons
 K - the +5 demon whip of the Apocalypse {elec, +Rage Str+4}
   (You found it in an ice cave)

   Occasionally, upon striking a foe, it will discharge some electrical energy
   and cause terrible harm.
   It affects your strength (+4).
   It lets you go berserk.
Armour
 g - a +0 pair of gloves (worn)
 B - a +2 robe of the Archmagi (worn)
 F - a +0 shield (worn)
 I - a +0 cloak (worn)
 T - the +1 pair of boots of the Valley (worn) {Int+5 Dex+5 SInv}
   (You found it in a labyrinth)

   It affects your intelligence (+5).
   It affects your dexterity (+5).
   It lets you see invisible.
 Y - a +1 hat (worn)
Magical Staves
 y - an uncursed staff of wizardry (weapon)
Rods
 R - a +4 rod of shadows (12/12)
   (You found it in a labyrinth)
Jewellery
 f - an uncursed ring of protection from fire
 q - an amulet of the gourmand (around neck)
 r - an uncursed ring of protection from cold
 s - an uncursed ring of protection from fire
 A - an uncursed ring of protection from cold
 O - a +4 ring of intelligence (right hand)
 P - a ring of poison resistance (left hand)
Wands
 b - a wand of heal wounds (3/9)
 x - a wand of hasting (6/9)
 M - a wand of digging (18/24)
 Q - a wand of iceblast (7/15)
 W - a wand of acid (5/15)
 X - a wand of teleportation (6/9)
Scrolls
 l - 22 scrolls of identify
 n - 5 scrolls of fear
 o - 5 scrolls of teleportation
 v - a scroll of magic mapping
 N - 4 scrolls of blinking
 V - a scroll of remove curse
Potions
 e - 3 potions of brilliance
 i - 5 potions of haste
 k - 7 potions of curing
 m - a potion of cancellation
 z - 4 potions of heal wounds
 C - 4 potions of flight
Books
 p - a manual of Fighting
Miscellaneous
 a - an ornate deck of defence {drawn: 1}
Comestibles
 c - 16 bread rations
 d - 6 meat rations
 t - 2 royal jellies
 w - 30 fruits
 J - 3 slices of pizza
 L - 3 beef jerkies


   Skills:
 + Level 9.8 Fighting
 + Level 11.4 Dodging
 - Level 2.4 Stealth
 + Level 7.2 Shields
 + Level 13.7 Spellcasting
 * Level 16.1 Conjurations
 - Level 10.0 Charms
 + Level 8.3 Fire Magic
 + Level 2.9 Poison Magic
 - Level 2.5 Evocations


You had 4 spell levels left.
You knew the following spells:

 Your Spells              Type           Power        Failure   Level  Hunger
a - Magic Dart            Conj           ####         1%          1    None
b - Dazzling Spray        Conj/Hex       ######       1%          3    None
c - Iskenderun's Mystic   Conj           ########     1%          4    None
d - Iskenderun's Battles  Conj/Chrm      ########     1%          5    None
e - Mephitic Cloud        Conj/Pois/Air  #######.     1%          3    None
f - Fireball              Conj/Fire      ########..   1%          5    None
g - Poisonous Cloud       Conj/Pois/Air  #######...   12%         6    ###....
h - Delayed Fireball      Conj/Fire      N/A          4%          7    #####..
i - Orb of Destruction    Conj           ########..   1%          7    #####..


Dungeon Overview and Level Annotations

Branches:
Dungeon (14/15)            Temple (1/1) D:4            Lair (8/8) D:8
 Shoals (0/4) Lair:6       Spider (0/4) Lair:6        Slime (0/6) Lair:8
    Orc (0/2) D:9
 Vaults: D:13-14

Altars:
Ashenzari
Cheibriados
Dithmenos
Elyvilon
Fedhas
Gozag
Kikubaaqudgha
Makhleb
Nemelex Xobeh
Okawaru
Pakellas
Qazlal
Ru
Sif Muna
Trog
Vehumet
Xom
Yredelemnul
Zin
The Shining One
Jiyva

Shops:
D:14 :

Annotations:
D:14 ReniFell's ghost, journeyman MiBe


Innate Abilities, Weirdness & Mutations

You have sharp fingernails.
You are agile. (Dex +2)
You tend to lose your temper in combat.
Your mind is acute. (Int +2)
Your body sometimes deteriorates upon taking damage.
You are resistant to hostile enchantments.
Your natural rate of healing is unusually fast.
Your muscles are strong. (Str +2)
Your spells are a little harder to cast, but a little more powerful.


Message History

Tha t'ngu conjurer blinks!
Read which item? (? fer menu, 'sc ta quit) As ye read tha scroll o' teleportation, it crumbles ta dust.
Ye feel strangely unst'ble.
Ye block ReniFell's ghost's attack.
Tha gargoyle completely misses ye.
Tha t'ngu conjurer gestures wildly while chantin'.
Tha t'ngu conjurer blinks!
A vault guard comes inta view.
It be wieldin' a battleaxe.
Unknown command.
Castin': Iskenderun's Mestic Blast Confirm wit' . or Enter, or press ? or * ta list all spells.
Aimin': Iskenderun's Mestic Blast
Press: ? - help, Shift-Dir - straight line, f - gargoyle
Aim: a gargoyle, wieldin' a mace o' pain Ye feel a surge o' power!
Tha orb o' energy hits tha gargoyle.
Tha gargoyle be lightly damaged.
Tha orb o' energy 'splodes!
ReniFell's ghost shrieks, "Ye must na fail where I succeeded!"
ReniFell's ghost hits ye!!!
Ye die...

# ..## #. #(..##
#.. .....# #...
.....p #....
#....#
#.....####...#
#.....9@Wh.Q#
#.....###..##
#.... ##.## #....
#.§## #.....
#...##...
#.....####§.......
# .........####...
.........# ..
.........# .


You could see a vault guard, a tengu conjurer, a gargoyle, a hound and
ReniFell's ghost.

Vanquished Creatures
  Rupert (D:12)
  Frances (D:13)
  Azrael (D:12)
  Snorg (Lair:5)
  A dire elephant (Lair:8)
  A minotaur (Lab)
  Erolcha (D:9)
  Fannar (D:12)
  2 hydras (Lair:6)
  2 catoblepae
  A centaur warrior (D:13)
  5 death yaks (Lair:8)
  A deep troll shaman (Lair:8)
  Sonja (D:12)
  A fire crab (Lair:8)
  An unseen horror (D:13)
  Pikel (D:9)
  2 hill giants
  A griffon (Lair:8)
  2 oklob plants (Lair:7)
  A cyclops (D:12)
  A manticore (D:11)
  A siren (Lair:6)
  5 black mambas
  9 elephants (Lair:8)
  A gargoyle (D:12)
  2 ice statues (IceCv)
  An eye of devastation (Lair:8)
  A torpor snail (Lair:5)
  12 spiny frogs
  A komodo dragon (shapeshifter) (D:13)
  2 rime drakes
  6 komodo dragons
  11 ice devils (IceCv)
  2 polar bears (Lair:8)
  3 merfolk (Lair:6)
  5 trolls
  37 blink frogs
  Grinder (D:6)
  2 two-headed ogres (D:13)
  7 slime creatures
  18 yaks
  A spriggan (D:7)
  3 wyverns
  2 hungry ghosts
  Eustachio (D:6)
  3 fire elementals (D:12)
  3 basilisks
  A steam dragon (D:9)
  4 hippogriffs
  2 mottled dragons
  A soldier ant (D:11)
  11 water moccasins
  11 porcupines
  A hell hound (D:12)
  7 orc warriors
  10 ice beasts
  3 slaves (D:9)
  2 black bears
  A necrophage (D:9)
  3 sky beasts
  A phantom (D:8)
  4 ogres
  12 wolves
  14 centaurs
  8 crocodiles
  6 big kobolds
  17 giant frogs
  A gnoll sergeant (D:7)
  A wyvern skeleton (D:13)
  4 scorpions
  16 killer bees (D:9)
  13 wights
  A howler monkey (D:6)
  An electric eel (Lair:5)
  2 crimson imps
  A centaur zombie (D:7)
  2 giant frog zombies
  8 hounds
  A quasit (D:9)
  18 jellies
  2 giant frog skeletons
  A gnoll shaman (D:6)
  12 orc priests
  14 orc wizards
  A centaur skeleton (D:10)
  9 iguanas
  14 worker ants
  9 sheep
  A hound skeleton (D:6)
  Robin (D:4)
  7 adders
  8 gnolls
  41 river rats
  3 shadow imps
  6 white imps (IceCv)
  6 ufetubi (IceCv)
  10 oozes
  3 adder skeletons
  An adder zombie (D:8)
  3 worms (D:2)
  A dart slug (D:4)
  7 giant geckos
  51 orcs
  6 bats
  4 giant cockroaches
  11 goblins
  11 hobgoblins
  10 jackals
  37 kobolds
  5 quokkas
  A ball python (D:3)
  7 giant newts
  9 rats
  A fungus (Lair:6)
  A plant (Lair:7)
672 creatures vanquished.

Vanquished Creatures (collateral kills)
  A crocodile (Lair:4)
1 creature vanquished.

Vanquished Creatures (others)
  5 ufetubi (IceCv)
  11 fungi
  4 plants
20 creatures vanquished.

Grand Total: 693 creatures vanquished

Notes
Turn   | Place    | Note
--------------------------------------------------------------
     0 | D:1      | Heedrag the Deep Elf Conjurer began the quest for the Orb.
     0 | D:1      | Reached XP level 1. HP: 10/10 MP: 6/6
   223 | D:1      | Reached XP level 2. HP: 15/15 MP: 2/8
   681 | D:2      | Reached skill level 5 in Conjurations
  1096 | D:2      | Reached XP level 3. HP: 19/19 MP: 5/10
  1134 | D:2      | Learned a level 3 spell: Dazzling Spray
  1275 | D:2      | Found a glowing golden altar of the Shining One.
  1275 | D:2      | Found a basalt altar of Yredelemnul.
  1321 | D:2      | Noticed a profane servitor
  1451 | D:2      | Found a faded altar to an unknown god.
  1851 | D:2      | Noticed an angel
  2163 | D:3      | Reached XP level 4. HP: 24/24 MP: 2/11
  2242 | D:3      | Reached skill level 6 in Conjurations
  2251 | D:3      | Reached XP level 5. HP: 22/28 MP: 0/13
  2563 | D:3      | Found an opulent altar of Gozag.
  2831 | D:3      | Found a shimmering altar of Xom.
  2834 | D:3      | Found a bloodstained altar of Trog.
  2837 | D:3      | Found a blossoming altar of Fedhas.
  2941 | D:4      | Found a shattered altar of Ashenzari.
  2949 | D:4      | Reached skill level 5 in Spellcasting
  2954 | D:4      | Reached skill level 7 in Conjurations
  2961 | D:4      | Learned a level 4 spell: Iskenderun's Mystic Blast
  2967 | D:4      | Learned a level 5 spell: Iskenderun's Battlesphere
  3104 | D:4      | Reached skill level 1 in Charms
  3104 | D:4      | Reached XP level 6. HP: 21/32 MP: 7/15
  3313 | D:4      | Found a staircase to the Ecumenical Temple.
  3327 | Temple   | Entered the Ecumenical Temple
  3389 | Temple   | Became a worshipper of Vehumet
  3769 | D:4      | Noticed Robin
  3796 | D:4      | Killed Robin
  4135 | D:4      | Reached XP level 7. HP: 21/36 MP: 0/18
  4367 | D:4      | Found a stormy altar of Qazlal.
  4420 | D:5      | Entered Level 5 of the Dungeon
  4466 | D:5      | Found a glowing drain.
  4472 | D:5      | Reached * piety under Vehumet
  4472 | D:5      | Offered knowledge of Sting by Vehumet.
  4547 | Sewer    | Entered a sewer
  4655 | Sewer    | Reached skill level 8 in Conjurations
  4741 | Sewer    | Found a glowing silver altar of Zin.
  5251 | D:5      | Found an oddly glowing altar of Pakellas.
  5512 | D:6      | Reached skill level 9 in Conjurations
  5512 | D:6      | Reached XP level 8. HP: 36/41 MP: 12/20
  5653 | D:6      | Reached skill level 5 in Charms
  5727 | D:6      | Offered knowledge of Sandblast by Vehumet.
  5730 | D:6      | Reached ** piety under Vehumet
  6179 | D:6      | Noticed Eustachio
  6183 | D:6      | Killed Eustachio
  6183 | D:6      | Reached skill level 1 in Fighting
  6264 | D:6      | Noticed Grinder
  6268 | D:6      | Reached skill level 10 in Conjurations
  6274 | D:6      | Killed Grinder
  6333 | D:6      | Reached XP level 9. HP: 47/47 MP: 6/23
  6815 | D:7      | Offered knowledge of Mephitic Cloud by Vehumet.
  7516 | D:7      | Reached *** piety under Vehumet
  7587 | D:7      | Reached skill level 1 in Shields
  7975 | D:8      | Reached skill level 11 in Conjurations
  8120 | D:8      | Learned a level 3 spell: Mephitic Cloud
  8228 | D:8      | Offered knowledge of Throw Icicle by Vehumet.
  8272 | D:8      | Reached skill level 5 in Dodging
  8324 | D:8      | Found a staircase to the Lair.
  8657 | Lair:1   | Entered Level 1 of the Lair of Beasts
  8789 | Lair:1   | Reached XP level 10. HP: 56/56 MP: 18/25
  9104 | Lair:1   | Found a labyrinth entrance.
  9127 | Lab      | Entered a labyrinth
  9214 | Lab      | Learned a level 5 spell: Fireball
  9549 | Lab      | Noticed a minotaur
  9559 | Lab      | Killed a minotaur
  9699 | Lab      | Got a pair of distressingly furry boots
  9700 | Lab      | Identified the +1 pair of boots of the Valley {Int+5 Dex+5 SInv} (You found it in a labyrinth)
 10279 | Lair:1   | Gained mutation: You are resistant to hostile enchantments. [potion of mutation]
 10279 | Lair:1   | Gained mutation: You are agile. (Dex +2) [potion of mutation]
 10279 | Lair:1   | Gained mutation: Your spells are a little harder to cast, but a little more powerful. [potion of mutation]
 10282 | Lair:1   | Gained mutation: You are frail (-10% HP). [potion of mutation]
 10282 | Lair:1   | Gained mutation: Your mind is acute. (Int +2) [potion of mutation]
 10282 | Lair:1   | Lost mutation: You are frail (-10% HP). [potion of mutation]
 10338 | Lair:2   | Reached **** piety under Vehumet
 10549 | Lair:2   | Reached skill level 12 in Conjurations
 10718 | Lair:2   | Reached skill level 10 in Spellcasting
 10780 | Lair:2   | Noticed a spiny frog
 10787 | Lair:2   | Killed a spiny frog
 10787 | Lair:2   | Offered knowledge of Airstrike by Vehumet.
 10787 | Lair:2   | Reached XP level 11. HP: 61/61 MP: 18/27
 11397 | Lair:3   | Noticed a catoblepas
 11411 | Lair:3   | Killed a catoblepas
 11411 | Lair:3   | Reached skill level 10 in Charms
 11673 | Lair:3   | Reached skill level 1 in Fire Magic
 11959 | Lair:3   | Identified a +4 rod of shadows (12/12) (You found it in a labyrinth)
 12352 | Lair:4   | Reached skill level 5 in Fighting
 13025 | Lair:5   | Noticed Snorg
 13031 | Lair:5   | Killed Snorg
 13031 | Lair:5   | Reached skill level 13 in Conjurations
 13280 | Lair:5   | Found a frozen archway.
 13372 | IceCv    | Entered an ice cave
 13581 | IceCv    | Reached XP level 12. HP: 66/68 MP: 26/29
 14063 | IceCv    | Reached ***** piety under Vehumet
 14146 | IceCv    | Got an iridescent demon whip
 14415 | Lair:5   | Offered knowledge of Lee's Rapid Deconstruction by Vehumet.
 14616 | Lair:5   | Identified the +5 demon whip of the Apocalypse {elec, +Rage Str+4} (You found it in an ice cave)
 14896 | Lair:5   | Reached skill level 5 in Shields
 15407 | Lair:1   | Gained mutation: Your muscles are strong. (Str +2) [potion of mutation]
 15407 | Lair:1   | Gained mutation: You tend to lose your temper in combat. [potion of mutation]
 15407 | Lair:1   | Gained mutation: Your natural rate of healing is unusually fast. [potion of mutation]
 15448 | D:9      | Noticed Erolcha
 15450 | D:9      | Killed Erolcha
 15484 | D:9      | Noticed Pikel
 15486 | D:9      | Killed Pikel
 15486 | D:9      | Reached skill level 14 in Conjurations
 15486 | D:9      | Reached skill level 1 in Evocations
 15503 | D:9      | Reached skill level 5 in Fire Magic
 15723 | D:9      | Found a deep blue altar of Sif Muna.
 15910 | D:9      | Found a staircase to the Orcish Mines.
 16146 | D:10     | Entered Level 10 of the Dungeon
 16401 | D:10     | Gained mutation: Your body sometimes deteriorates upon taking damage. [mutagenic meat]
 16740 | D:11     | Reached XP level 13. HP: 76/76 MP: 10/31
 17771 | D:12     | Noticed Fannar
 17777 | D:12     | Killed Fannar
 17883 | D:12     | Noticed Sonja
 17886 | D:12     | Killed Sonja
 17960 | D:12     | Noticed Azrael
 18079 | D:11     | Found a glowing golden altar of the Shining One.
 18104 | D:12     | Killed Azrael
 18363 | D:12     | Reached skill level 10 in Dodging
 18564 | D:12     | Noticed Rupert
 18576 | D:12     | Killed Rupert
 18585 | D:12     | Reached ****** piety under Vehumet
 18984 | D:12     | Offered knowledge of Poisonous Cloud by Vehumet.
 19199 | D:13     | Got a warped ring mail
 19200 | D:13     | Identified the +1 ring mail of the Eleven Ghosts {rElec rCorr MP-9 Str+3} (You found it on level 13 of the Dungeon)
 19208 | D:13     | Gained mutation: You have sharp fingernails. [potion of beneficial mutation]
 19229 | D:13     | Noticed Frances
 19333 | D:13     | Reached skill level 15 in Conjurations
 19403 | D:13     | Killed Frances
 20500 | Lair:6   | Found a burning altar of Makhleb.
 20655 | Lair:6   | Found a hole to the Spider Nest.
 20999 | Lair:6   | Reached XP level 14. HP: 68/84 MP: 17/33
 21456 | Lair:6   | Found a staircase to the Shoals.
 21709 | Lair:7   | Learned a level 6 spell: Poisonous Cloud
 22314 | Lair:7   | Offered knowledge of Ozocubu's Refrigeration by Vehumet.
 22612 | Lair:8   | Entered Level 8 of the Lair of Beasts
 22974 | Lair:8   | Identified a scroll of acquirement
 22975 | Lair:8   | Identified Sif Muna's Catalogue of the Hurtful Compass (You acquired it on level 8 of the Lair of Beasts)
 22984 | Lair:8   | Learned a level 7 spell: Delayed Fireball
 22992 | Lair:8   | Learned a level 7 spell: Orb of Destruction
 23591 | Lair:8   | Reached skill level 1 in Poison Magic
 23949 | Lair:8   | Found a viscous altar of Jiyva.
 23949 | Lair:8   | Found a staircase to the Slime Pits.
 24624 | Lair:8   | Reached skill level 16 in Conjurations
 25647 | D:14     | Found Zesuikhi's Book Shop.
 25741 | D:14     | Noticed ReniFell's ghost (journeyman MiBe)
 25748 | D:14     | Mangled by ReniFell's ghost

Skill      XL: |  1  2  3  4  5  6  7  8  9 10 11 12 13 14 |
---------------+-------------------------------------------+-----
Conjurations   | 5 6 7 9 10 11 12 13 14 15 16 | 16.1
Spellcasting   | 4 5 6 7 8 9 10 11 12 13 | 13.7
Charms         | 1 2 4 6 8 9 10 | 10.0
Fighting       | 1 3 4 5 7 8 9 |  9.8
Dodging        | 3 5 6 8 9 10 11 | 11.4
Shields        | 1 3 4 5 6 7 |  7.2
Fire Magic     | 3 5 7 8 |  8.3
Evocations     | 2 |  2.5
Poison Magic   | 2 |  2.9
Stealth        | |  2.4

Action                   |  1- 3 |  4- 6 |  7- 9 | 10-12 | 13-15 || total
-------------------------+-------+-------+-------+-------+-------++-------
Melee: Hand axe          |     5 |     3 |       |       |       ||     8
       Spear             |       |     1 |    25 |     7 |       ||    33
       Demon whip        |       |       |       |    19 |    28 ||    47
 Cast: Magic Dart        |    84 |   164 |   322 |   407 |   348 ||  1325
       Iskenderun's Batt |       |       |    35 |    66 |    84 ||   185
       Iskenderun's Myst |       |       |       |    24 |    85 ||   109
       Fireball          |       |       |       |    34 |    38 ||    72
       Poisonous Cloud   |       |       |       |       |    11 ||    11
       Delayed Fireball  |       |       |       |       |     1 ||     1
Evoke: Rod               |       |       |       |     5 |       ||     5
       Deck              |       |       |       |       |     1 ||     1
       Wand              |       |       |       |       |     1 ||     1
  Use: Potion            |       |       |       |    16 |     5 ||    21
       Scroll            |       |       |       |    22 |     5 ||    27
 Stab: Sleeping          |       |       |     1 |     1 |       ||     2
  Eat: Chunk             |     4 |     5 |    24 |    26 |    43 ||   102
       Pizza             |       |       |       |     2 |       ||     2
       Beef jerky        |       |       |       |     1 |       ||     1
Armor: Robe              |     2 |    11 |    14 |    10 |     9 ||    46
Dodge: Dodged            |    13 |    31 |    81 |    54 |    70 ||   249
Block: Buckler           |       |       |    11 |    26 |    42 ||    79
       Shield            |       |       |       |       |     4 ||     4
